 Dungeon Crawl Stone Soup version 0.31-a0-845-g9abc20d (webtiles) character file.

Game seed: 10564087125820700640

11 Meow the Digger (level 2, 18/22 HPs)
             Began as a Naga Earth Elementalist on Oct 1, 2023.
             Quit the game on level 1 of the Dungeon.
             The game lasted 00:02:01 (414 turns).

Meow the Digger (Naga Earth Elementalist)            Turns: 414, Time: 00:02:02

Health: 18/22      AC:  1    Str: 10    XL:     2   Next: 29%
Magic:  5/5        EV:  9    Int: 15    God:
Gold:   0          SH:  0    Dex: 11    Spells: 4/5 levels left

rFire   . . .        a - +0 short sword
rCold   . . .        (no shield)
rNeg    . . .        f - +0 robe
rPois   +            (no helmet)
rElec   .            (no cloak)
rCorr   .            (no gloves)
SInv    +            (no barding)
Will    .....        (no amulet)
Stlth   ++           (no ring)
HPRegen 0.23/turn    (no ring)
MPRegen 0.09/turn

%: no passive effects
@: very slow
A: AC +0, large, see invisible, deformed body, poison resistance, slowness 2,
spit poison 1, naga tail 1
a: Spit Poison


You were on level 1 of the Dungeon.
You visited 1 branch of the dungeon, and saw 1 of its levels.

Inventory:

Hand Weapons
 a - a +0 short sword (weapon)
Missiles
 d - a stone (quivered)
Armour
 f - a +0 robe (worn)
Scrolls
 c - a scroll of identify {unknown}
 e - a scroll of poison {unknown}
Potions
 b - a potion of magic


   Skills:
 - Level 1.5 Dodging
 - Level 3.0 Stealth
 + Level 2.2 Spellcasting
 + Level 0.9 Conjurations
 - Level 1.0 Transmutations
 + Level 3.2 Earth Magic


You had 4 spell levels left.
You knew the following spells:

 Your Spells              Type           Power      Damage    Failure   Level
a - Sandblast             Erth           22%        2d7       6%          1

Your spell library contained the following spells:

 Spells                   Type           Power      Damage    Failure   Level
 Passwall                 Tmut/Erth      6%         N/A       14%         2
 Stone Arrow              Conj/Erth      14%        3d7       28%         3
 Petrify                  Tmut/Erth      8%         N/A       65%         4
 Brom's Barrelling Bould  Conj/Erth      7%         2d3       67%         4


Dungeon Overview and Level Annotations

Branches:
Dungeon (1/15)

Altars:

Shops:
D:1 *


Innate Abilities, Weirdness & Mutations

Your serpentine skin is tough. (AC +0)
You have supernaturally acute eyesight. (SInv)
Armour fits poorly on your strangely shaped body.
Your system is resistant to poisons. (rPois)
You cover ground very slowly.
You can spit poison.
You have a snake-like lower body.


Message History

Confirm with . or Enter, or press ? or * to list all spells.
Aiming: Sandblast (safe; 6% risk of failure)
Press: ? - help, Shift-Dir - straight line, f/p - jackal
Aim: a jackal (almost dead, 77% to hit)
The blast of sand misses the jackal.
The jackal bites you.
The jackal bites you but does no damage.
The jackal closely misses you.
Unknown command.
Aiming: Spit Poison (2% risk of failure)
Press: ? - help, Shift-Dir - straight line, f/p - jackal
Aim: a jackal (almost dead, 50% to hit)
The splash of poison misses the jackal.
The jackal bites you.
* * * LOW HITPOINT WARNING * * *
Unknown command.
You hit the jackal.
You kill the jackal!
You start resting.
You have got your breath back.
You start resting.
Magic restored.
You start resting.
HP restored.
You see here a jackal corpse.
There is a dry fountain here.
There is a dry fountain here.
You see here a jackal corpse.
A ball python comes into view.
A ball python is nearby!
Aiming: Spit Poison (2% risk of failure)
Press: ? - help, Shift-Dir - straight line, f - ball python
Aim: a ball python (54% to hit)
The splash of poison misses the ball python.
The ball python bites you. The ball python completely misses you.
You closely miss the ball python.
You have got your breath back.
The ball python bites you.
You closely miss the ball python. The ball python barely misses you.
The ball python completely misses you.
You barely miss the ball python. The ball python bites you.
Are you sure you want to abandon this character and quit the game? (Confirm with "yes".)

#..# #..# ###### #..# ### .....#
####..# # ###>## ..##.# ##.....#
### ###....###.##.# #..###.#
..#####....⌠..##.##.# ##.## #.#
....#....⌠.....#S##.####..# #.#
.⌠.....⌠....⌠..#@##.##...## #.#
...............#.##....#######.##
....<....#######.##...........∩..
###...#### ##..#..##########.#.
##...## ##..##.## #.#. ##..⌠..##
##......# ########.#. #.......##
#>...#### #........#.
..⌠...⌠..###†#### #.########.
...[⌠........# #.##...#...


You could see a ball python.

Vanquished Creatures
  2 endoplasms (D:1)
  4 jackals (D:1)
  A kobold (D:1)
  A quokka (D:1)
  A rat (D:1)
9 creatures vanquished.

Notes
Turn   | Place    | Note
-------+----------+-------------------------------------------
     0 | D:1      | Meow the Naga Earth Elementalist began the quest for the
                  | Orb.
     0 | D:1      | Reached XP level 1. HP: 15/15 MP: 3/3
   229 | D:1      | Found Hibowk's General Store.
   274 | D:1      | Reached XP level 2. HP: 19/22 MP: 3/5
   414 | D:1      | Quit the game

Illustrated notes

Levels and vault maps discovered:
D:1:      dpeg_arrival_leaves_temple_mockup, layout_basic, serial_shops, shop

Action                     || total
---------------------------++-------
  Melee: Short sword       ||    15
  Throw: Stone             ||     5
   Cast: Sandblast         ||    13
Ability: Spit Poison       ||     9
 Armour: Robe              ||    21
  Dodge: Dodged            ||    23

Table legend: (Time is in decaauts)
 A = Elapsed time spent in this place.
 B = Non-inter-level travel time spent in this place.
 C = Inter-level travel time spent in this place.
 D = Time resting spent in this place.
 E = Time spent auto-exploring this place.
 F = Levels seen in this place.
 G = Mean time per level.
                   A        B        C        D        E       F      G
               +--------+--------+--------+--------+--------+-----+--------+
         Total |    507 |    507 |      0 |    147 |    210 |   1 |  507.0 |
       Dungeon |    507 |    507 |      0 |    147 |    210 |   1 |  507.0 |
               +--------+--------+--------+--------+--------+-----+--------+

Top non-repeatable levels by time:
     D:1: 507 daAuts
